 Dungeon Crawl Stone Soup version 0.28.0 (webtiles) character file.

Game seed: 6673954883151886833

883 themarg the Conjurer (level 7, -6/55 HPs)
             Began as a Pale Draconian Conjurer on Feb 5, 2022.
             Was a Believer of Sif Muna.
             Mangled by an ogre (26 damage)
             ... on level 5 of the Dungeon.
             The game lasted 00:55:24 (6699 turns).

themarg the Conjurer (Pale Draconian Conjurer)      Turns: 6699, Time: 00:55:27

Health: -6/55      AC:  7    Str:  9    XL:     7   Next: 76%
Magic:  5/12       EV: 13    Int: 20    God:    Sif Muna [**....]
Gold:   107        SH:  4    Dex: 16    Spells: 7/13 levels left

rFire   . . .      SeeInvis .   e - +0 dagger
rCold   . . .      Faith    .   l - +0 buckler
rNeg    . . .      Spirit   .   (armour unavailable)
rPois   .          Reflect  .   (helmet restricted)
rElec   .          Harm     .   (no cloak)
rCorr   .          Rampage  .   (no gloves)
Will    .....                   s - +0 pair of boots
Stlth   ++........              (no amulet)
HPRegen 0.18/turn               a - +6 ring of dexterity
MPRegen 0.13/turn               (no ring)

@: no status effects
A: breathe steam, AC +6, unfitting armour, cold-blooded, steam resistance
a: Breathe Steam, Renounce Religion, Channel Magic


You were on level 5 of the Dungeon.
You worshipped Sif Muna.
Sif Muna was pleased with you.
You visited 1 branch of the dungeon, and saw 5 of its levels.

You collected 210 gold pieces.
You spent 103 gold pieces at shops.

Inventory:

Hand Weapons
 e - a +0 dagger (weapon)
 j - a +0 spear
Missiles
 f - 13 poisoned darts
 h - 151 stones
 i - 43 sling bullets
 n - 3 throwing nets
Armour
 d - a +0 robe
 l - a +0 buckler (worn)
 s - a +0 pair of boots (worn)
Magical Staves
 v - a staff of fire
Jewellery
 a - a +6 ring of dexterity (left hand)
Wands
 w - a wand of flame (13)
Scrolls
 b - 2 scrolls of magic mapping {unknown}
 c - 3 scrolls of teleportation {unknown}
 g - 3 scrolls of identify
 k - a scroll of fear
 o - a scroll of enchant armour {unknown}
 p - 2 scrolls of silence {unknown}
 q - 3 scrolls of amnesia {unknown}
 t - a scroll of fog {unknown}
 x - a scroll of noise {unknown}
Potions
 m - a potion of curing
 r - 3 potions of brilliance
 u - a potion of heal wounds {unknown}


   Skills:
 + Level 2.2 Fighting
 + Level 2.3 Short Blades
 + Level 4.1 Dodging
 + Level 3.4 Stealth
 + Level 1.8 Shields
 + Level 0.9 Unarmed Combat
 + Level 3.9 Spellcasting
 + Level 5.8 Conjurations


You had 7 spell levels left.
You knew the following spells:

 Your Spells              Type           Power      Damage    Failure   Level
a - Magic Dart            Conj           100%       1d8       1%          1
b - Dazzling Flash        Conj/Hex       30%        N/A       16%         3
c - Searing Ray           Conj           54%        2d6       2%          2

Your spell library contained the following spells:

 Spells                   Type           Power      Damage    Failure   Level
 Confusing Touch          Hex            3%         N/A       45%         3
 Fulminant Prism          Conj/Hex       7%         3d7       45%         4
 Iskenderun's Mystic Bla  Conj/Tloc      15%        2d5       45%         4
 Yara's Violent Unravell  Hex/Tmut       1%         3d3       99%         5
 Enfeeble                 Hex            1%         N/A       100%        7


Dungeon Overview and Level Annotations

Branches:
Dungeon (5/15)
 Temple: D:4-7

Altars:
Elyvilon
Sif Muna

Shops:
D:1 ?*[[   D:4 *

Annotations:
D:2 Sigmund


Innate Abilities, Weirdness & Mutations

You can breathe blasts of scalding, opaque steam.
Your pale cyan-grey scales are hard. (AC +6)
You cannot fit into any form of body armour.
You are cold-blooded and may be slowed by cold attacks.
You are immune to the effects of steam.


Message History

You hit the centaur zombie.
The centaur zombie is almost destroyed.
The ogre barely misses you. The centaur zombie closely misses you.
The centaur zombie barely misses you.
You hit the centaur zombie but do no damage.
The centaur zombie is almost destroyed.
The centaur zombie closely misses you. The centaur zombie misses you.
The ogre misses you.
The centaur zombie hits you but does no damage.
The centaur zombie kicks you but does no damage.
You hit the centaur zombie but do no damage.
The centaur zombie is almost destroyed.
The centaur zombie closely misses you.
The centaur zombie kicks you but does no damage.
You hit the centaur zombie.
You destroy the centaur zombie!
Sif Muna accepts your kill. The ogre hits you with a +0 giant club!
You hit the ogre.
The ogre is lightly wounded.
The ogre completely misses you.
You hit the ogre.
The ogre is lightly wounded.
The ogre hits you with a +0 giant club!!
Casting: Magic Dart (safe; 1% risk of failure)
Confirm with . or Enter, or press ? or * to list all spells.
Aiming: Magic Dart (safe; 1% risk of failure)
Press: ? - help, Shift-Dir - straight line, f - ogre
Aim: an ogre, wielding a +0 giant club (lightly wounded, 100% to hit)
The magic dart hits the ogre.
The ogre is moderately wounded.
Casting: Magic Dart (safe; 1% risk of failure)
Confirm with . or Enter, or press ? or * to list all spells.
Aiming: Magic Dart (safe; 1% risk of failure)
Press: ? - help, Shift-Dir - straight line, f/p - ogre
Aim: an ogre, wielding a +0 giant club (moderately wounded, 100% to hit)
The magic dart hits the ogre.
The ogre is heavily wounded.
The ogre hits you with a +0 giant club!!
You die...

... ##.. #..
#.# ##.#
##..####
###..O...###...
#...@..........
#......##......
#......# ##...
#......# .
#......#
##.....#
##....##
##....# ..
##...# ...


You could see an ogre.

Vanquished Creatures
  A sky beast (D:5)
  3 ogres
  2 black bears
  A water moccasin skeleton (D:5)
  A centaur zombie (D:5)
  A gnoll shaman (D:4)
  A hound (D:4)
  An iguana (D:4)
  A bullfrog skeleton (D:4)
  Terence (D:1)
  3 gnolls (D:4)
  4 adders
  2 worms
  2 dart slugs (D:2)
  2 orcs
  7 endoplasms
  A giant cockroach (D:2)
  7 goblins
  8 hobgoblins
  6 jackals
  5 kobolds
  5 quokkas
  6 ball pythons
  2 frilled lizards
  5 rats
78 creatures vanquished.

Vanquished Creatures (others)
  35 plants (D:4)
35 creatures vanquished.

Grand Total: 113 creatures vanquished

Notes
Turn   | Place    | Note
-------+----------+-------------------------------------------
     0 | D:1      | themarg the Draconian Conjurer began the quest for the Orb.
     0 | D:1      | Reached XP level 1. HP: 14/14 MP: 3/3
   163 | D:1      | Found Zailash's Magic Scroll Boutique.
   444 | D:1      | Found Ronu's Assorted Antiques.
   900 | D:1      | Found Cufrelump's Armour Boutique.
   942 | D:1      | Reached XP level 2. HP: 20/20 MP: 1/5
  1406 | D:1      | Found Anwish's Antique Armour Boutique.
  1746 | D:1      | Bought a scroll of fear for 35 gold pieces
  1746 | D:1      | Bought a scroll of identify for 20 gold pieces
  1839 | D:2      | Reached XP level 3. HP: 26/26 MP: 3/6
  1867 | D:2      | Noticed Terence
  2418 | D:1      | Killed Terence
  2419 | D:1      | Reached XP level 4. HP: 16/34 MP: 2/7
  2610 | D:2      | Noticed Sigmund
  2955 | D:2      | Learned a level 3 spell: Dazzling Flash
  2958 | D:2      | Learned a level 2 spell: Searing Ray
  3184 | D:2      | Found a faded altar of an unknown god.
  3196 | D:2      | Prayed at the altar of an unknown god.
  3196 | D:2      | Became a worshipper of Sif Muna the Loreminder
  3196 | D:2      | Reached * piety under Sif Muna
  3297 | D:2      | Reached skill level 5 in Conjurations
  3761 | D:3      | Found a white marble altar of Elyvilon.
  4334 | D:4      | Reached XP level 5. HP: 39/39 MP: 0/8
  4409 | D:4      | Found Jonixt's General Store.
  4417 | D:4      | Bought a potion of brilliance for 48 gold pieces
  4457 | D:4      | Noticed an ogre
  4464 | D:4      | Killed an ogre
  4464 | D:4      | Reached ** piety under Sif Muna
  4465 | D:4      | Reached skill level 1 in Fighting
  4465 | D:4      | Reached skill level 1 in Short Blades
  4575 | D:4      | Noticed an ogre
  4580 | D:4      | Killed an ogre
  4581 | D:4      | Reached XP level 6. HP: 19/47 MP: 1/10
  4840 | D:4      | Reached skill level 1 in Shields
  5063 | D:4      | Your scales start taking on a pale cyan-grey colour.
  5063 | D:4      | Reached XP level 7. HP: 34/52 MP: 2/12
  5063 | D:4      | Gained mutation: You are immune to the effects of steam.
                  | [Pale Draconian growth]
  5805 | D:5      | Entered Level 5 of the Dungeon
  5862 | D:5      | HP: 2/53 [sky beast (5)]
  6699 | D:5      | Mangled by an ogre

Illustrated notes

Levels and vault maps discovered:
D:1:      minmay_arrival_stone_box, layout_basic, serial_shops,
          nicolae_shop_trees, shop_statue, shop, shop
D:2:      layout_basic, hellmonk_ecumenical_altar_run_dry, uniq_terence,
          uniq_sigmund
D:3:      layout_basic, elyvilon_altar_4
D:4:      layout_loops_ring, serial_shops, shop, minmay_misc_feat_columns,
          nrook_loot_triangle, serial_bayou_lagoon_a
D:5:      layout_layer_cave, minmay_misc_feat_room

Skill      XL: |  1  2  3  4  5  6  7 |
---------------+----------------------+-----
Dodging        | 2 3 4 |  4.1
Stealth        | 2 3 |  3.4
Conjurations   | 5 |  5.8
Fighting       | 1 2 |  2.2
Short Blades   | 1 2 |  2.3
Spellcasting   | 3 |  3.9
Shields        | 1 |  1.8
Unarmed Combat | |  0.9

Action                   |  1- 3 |  4- 6 |  7- 9 || total
-------------------------+-------+-------+-------++-------
Melee: Unarmed           |    21 |       |       ||    21
       Dagger            |    45 |    53 |    65 ||   163
       Tailslap          |    14 |     5 |     9 ||    28
       Punch             |       |     1 |       ||     1
 Cast: Magic Dart        |    61 |    48 |    19 ||   128
       Searing Ray       |       |    28 |    16 ||    44
  Use: Potion            |     2 |     1 |     1 ||     4
Armor: Skin              |    26 |    44 |    28 ||    98
Dodge: Dodged            |    73 |    77 |    38 ||   188
Block: Buckler           |       |    16 |     9 ||    25
